 Dungeon Crawl Stone Soup version 0.31-a0-618-g7ca08c1ff9 (webtiles) character file.

Game seed: 17341354834022595835

9063 cforsyth the Prestidigitator (level 11, -6/74 HPs)
             Began as a Gnoll Artificer on Aug 22, 2023.
             Was a Believer of Hepliaklqana.
             Killed by divine providence
             ... invoked by an orc priest
              (16 damage)
             ... on level 11 of the Dungeon.
             The game lasted 00:17:26 (9796 turns).

cforsyth the Prestidigitator (Gnoll Artificer)      Turns: 9796, Time: 00:17:27

Health: -6/74      AC: 16    Str: 19    XL:     11   Next: 40%
Magic:  20/20      EV: 10    Int: 14    God:    Hepliaklqana [**....]
Gold:   446        SH:  5    Dex: 12    Spells: 22/22 levels left

rFire   . . .        g - +2 war axe (freeze)
rCold   . . .        B - +0 buckler
rNeg    . . .        s - +0 chain mail
rPois   .            x - +1 helmet
rElec   .            (no cloak)
rCorr   +            r - +2 pair of gloves
SInv    .            (no boots)
Will    .....        F - amulet of the acrobat
Stlth   +            C - ring of resist corrosion
HPRegen 0.32/turn    E - +6 ring of strength
MPRegen 0.17/turn

%: acrobat
@: no status effects
A: reduced essence, fangs 1, strong nose, distributed training
a: Renounce Religion, Recall Ancestor, Ancestor Identity


You were on level 11 of the Dungeon.
You worshipped Hepliaklqana.
Hepliaklqana was pleased with you.
You visited 2 branches of the dungeon, and saw 12 of its levels.
You also visited: Ossuary.

You collected 446 gold pieces.

Inventory:

Hand Weapons
 a - a +0 club
 g - a +2 war axe of freezing (weapon)
 n - a +3 dagger of venom
Missiles
 u - 21 poisoned darts
 J - a throwing net
Armour
 b - a +0 leather armour
 r - a +2 pair of gloves (worn)
 s - a +0 chain mail (worn)
 x - a +1 helmet (worn)
 B - a +0 buckler (worn)
 K - a +0 ring mail of willpower
Jewellery
 y - a +6 ring of dexterity
 C - a ring of resist corrosion (left hand)
 E - a +6 ring of strength (right hand)
 F - an amulet of the acrobat (around neck)
 I - a ring of willpower
Wands
 c - a wand of polymorph (9) (quivered)
 d - a wand of charming (12)
 e - a wand of iceblast (13)
 v - a wand of acid (9)
 M - a wand of paralysis (2)
Scrolls
 h - 5 scrolls of teleportation
 j - a scroll of revelation
 k - a scroll of fog {unknown}
 p - 3 scrolls of enchant weapon
 q - 3 scrolls of amnesia
 w - a scroll of enchant armour
 z - a scroll of vulnerability {unknown}
 G - a scroll of noise {unknown}
 H - a scroll of immolation {unknown}
 N - a scroll of brand weapon {unknown}
 O - a scroll of blinking {unknown}
Potions
 f - 7 potions of heal wounds
 i - 2 potions of magic
 m - a potion of brilliance {unknown}
 o - 2 potions of might {unknown}
 t - 4 potions of curing
 A - 5 potions of haste
 D - 3 potions of ambrosia
 L - 2 potions of enlightenment


   Skills:
 + Level 6.9 Fighting
 + Level 6.3 Short Blades
 + Level 6.3 Long Blades
 + Level 6.3 Axes
 + Level 6.3 Maces & Flails
 + Level 6.3 Polearms
 + Level 6.3 Staves
 + Level 6.3 Ranged Weapons
 + Level 6.3 Throwing
 + Level 7.9 Armour
 + Level 6.9 Dodging
 + Level 6.8 Stealth
 + Level 6.3 Shields
 + Level 6.3 Unarmed Combat
 + Level 6.3 Spellcasting
 + Level 5.3 Conjurations
 + Level 5.3 Hexes
 + Level 5.3 Summonings
 + Level 5.3 Necromancy
 + Level 5.3 Translocations
 + Level 5.3 Transmutations
 + Level 5.3 Fire Magic
 + Level 5.3 Ice Magic
 + Level 5.3 Air Magic
 + Level 5.3 Earth Magic
 + Level 5.3 Poison Magic
 + Level 7.0 Invocations
 + Level 9.2 Evocations
 + Level 5.8 Shapeshifting


You had 22 spell levels left.
You didn't know any spells.
Your spell library contained the following spells:

 Spells                   Type           Power      Damage    Failure   Level
 Kiss of Death            Conj/Necr      76%        2d11      14%         1
 Ensorcelled Hibernation  Hex/Ice        38%        N/A       22%         2
 Passwall                 Tmut/Erth      15%        N/A       22%         2
 Sublimation of Blood     Necr           19%        N/A       22%         2
 Confusing Touch          Hex            19%        N/A       38%         3
 Dazzling Flash           Conj/Hex       38%        N/A       38%         3
 Gell's Gravitas          Tloc           19%        N/A       38%         3
 Swiftness                Air            19%        N/A       38%         3
 Teleport Other           Tloc           19%        N/A       38%         3
 Dispel Undead            Necr           19%        3d11      80%         4
 Fulminant Prism          Conj/Hex       9%         3d7       80%         4
 Agony                    Necr           19%        N/A       98%         5
 Silence                  Hex/Air        9%         N/A       98%         5
 Dispersal                Tloc           9%         N/A       100%        6
 Chain Lightning          Conj/Air       9%         3d12      100%        9
 Fire Storm               Conj/Fire      9%         8d3       100%        9
 Shatter                  Erth           9%         3d11*     100%        9


Dungeon Overview and Level Annotations

Branches:
Dungeon (11/15)            Temple (1/1) D:4            Lair (0/5) D:10
Ossuary (visited)
    Orc: D:9-12

Altars:
Ashenzari
Cheibriados
Dithmenos
Elyvilon
Fedhas
Gozag
Hepliaklqana
Kikubaaqudgha
Makhleb
Nemelex Xobeh
Okawaru
Qazlal
Ru
Sif Muna
Trog
Uskayaw
Vehumet
Wu Jian
Xom
Yredelemnul
Zin
The Shining One

Annotations:
D:2 1 runed translucent door, Crazy Yiuf


Innate Abilities, Weirdness & Mutations

Your life essence is reduced to manifest your ancestor. (-10% HP)
You have very sharp teeth.
Your uncanny sense of smell can sniff out nearby items.
Your experience applies equally to all skills.


Message History

The orc priest calls down the wrath of Beogh upon you.
Beogh smites you!
* * * LOW HITPOINT WARNING * * *
The wyvern bites Sinnashi!
Sinnashi hits the wyvern with a +0 quarterstaff!
The gnoll attacks as it pursues you! The gnoll misses you.
The gnoll attacks as it pursues you! The gnoll completely misses you.
The gnoll closely misses Sinnashi.
The wyvern misses Sinnashi.
The gnoll hits Sinnashi with a +0 vampiric spear.
Sinnashi hits the wyvern with a +0 quarterstaff!
The wyvern dies!
Things that are here:
a +0 flail; a gnoll corpse Sinnashi gestures at the gnoll while chanting.
The stone arrow hits the gnoll!!
The gnoll dies!
Sinnashi barely misses the gnoll.
There is a stone staircase leading down, spattered with blood here.
Your attacks no longer feel as feeble.
The orc priest invokes the aid of Beogh against you.
Pain shoots through your body!
* * * LOW HITPOINT WARNING * * *
The gnoll hits you from afar with a +0 vampiric spear.
* * * LOW HITPOINT WARNING * * *
You climb downwards.
Reactivating autopickup.
There is a stone staircase leading up here.
You closely miss the orc priest.
The orc priest hits you but does no damage.
Okay, then.
Unknown command.
You hit the orc priest. You freeze the orc priest.
The orc priest is severely wounded.
The orc priest closely misses you. The orc priest completely misses you.
You hit the orc priest. You freeze the orc priest.
The orc priest is almost dead.
The orc priest mumbles some strange prayers to Beogh against you.
Beogh smites you!
You die...

∆ #
####.##
#.@...#
#..o......
#.......##
#.....###
#.....#
#######


You could see an orc priest.

Vanquished Creatures
  2 two-headed ogres (D:9)
  Joseph (D:7)
  A queen bee (D:10)
  Grinder (D:3)
  A human (D:9)
  7 yaks
  A black bear (D:5)
  2 ogres
  2 centaurs
  A bullfrog (D:7)
  A kobold brigand (D:9)
  A scorpion (D:4)
  3 water moccasin zombies (Ossuary)
  4 wights (D:6)
  9 killer bees
  3 howler monkeys
  2 gnoll boudas
  5 orc priests
  3 sleepcaps
  Terence (D:2)
  5 iguanas
  6 orc wizards
  A mummy (Ossuary)
  Robin (D:4)
  6 adders
  5 gnolls
  2 white imps (D:7)
  2 ufetubi
  An adder zombie (Ossuary)
  3 worms
  2 dart slugs (D:1)
  18 orcs
  7 endoplasms
  A gnoll zombie (Ossuary)
  9 hobgoblins
  8 jackals
  5 quokkas
  4 ball pythons
  7 bats
  8 frilled lizards
  14 goblins
  3 hobgoblin zombies (Ossuary)
  17 kobolds
  2 kobold zombies (Ossuary)
  3 orc zombies (Ossuary)
  6 rats
197 creatures vanquished.

Vanquished Creatures (collateral kills)
  A two-headed ogre (D:9)
  Maggie (D:8)
  A hornet (D:9)
  Prince Ribbit (D:8)
  2 yaks
  2 wyverns (D:10)
  A human (D:9)
  2 acid dragons
  An orc warrior (D:8)
  A black bear (D:10)
  2 ice beasts
  An ogre (D:6)
  A centaur (D:8)
  2 kobold brigands
  A bullfrog (D:6)
  4 wights
  4 killer bees (D:10)
  A jelly (D:7)
  An orc priest (D:8)
  A sleepcap (D:8)
  5 orc wizards
  A mummy (Ossuary)
  5 gnolls
  2 shadow imps (D:6)
  2 white imps
  2 adder zombies (Ossuary)
  5 orcs
  2 hobgoblin zombies (Ossuary)
  5 kobolds
  A kobold zombie (Ossuary)
  An orc zombie (Ossuary)
62 creatures vanquished.

Vanquished Creatures (others)
  A yak (D:9)
  An orc warrior (D:8)
  3 battlemagi
  4 ancestors
9 creatures vanquished.

Grand Total: 268 creatures vanquished

Notes
Turn   | Place    | Note
-------+----------+-------------------------------------------
     0 | D:1      | cforsyth the Gnoll Artificer began the quest for the Orb.
     0 | D:1      | Reached XP level 1. HP: 17/17 MP: 1/1
   302 | D:1      | Reached XP level 2. HP: 23/23 MP: 2/2
   483 | D:1      | Found a faded altar of an unknown god.
   736 | D:1      | Reached XP level 3. HP: 26/28 MP: 3/3
  1341 | D:2      | Found a runed translucent door.
  1342 | D:2      | Noticed Crazy Yiuf
  1403 | D:2      | Reached skill level 1 in Invocations
  1721 | D:2      | Reached skill level 1 in Short Blades
  1721 | D:2      | Reached skill level 1 in Long Blades
  1721 | D:2      | Reached skill level 1 in Axes
  1721 | D:2      | Reached skill level 1 in Maces & Flails
  1721 | D:2      | Reached skill level 1 in Polearms
  1721 | D:2      | Reached skill level 1 in Staves
  1721 | D:2      | Reached skill level 1 in Ranged Weapons
  1721 | D:2      | Reached skill level 1 in Throwing
  1721 | D:2      | Reached skill level 1 in Shields
  1721 | D:2      | Reached skill level 1 in Unarmed Combat
  1721 | D:2      | Reached skill level 1 in Spellcasting
  1723 | D:2      | Reached XP level 4. HP: 26/34 MP: 5/5
  1797 | D:2      | Noticed Terence
  1814 | D:2      | Killed Terence
  1815 | D:2      | Reached skill level 1 in Conjurations
  1815 | D:2      | Reached skill level 1 in Hexes
  1815 | D:2      | Reached skill level 1 in Summonings
  1815 | D:2      | Reached skill level 1 in Necromancy
  1815 | D:2      | Reached skill level 1 in Translocations
  1815 | D:2      | Reached skill level 1 in Transmutations
  1815 | D:2      | Reached skill level 1 in Fire Magic
  1815 | D:2      | Reached skill level 1 in Ice Magic
  1815 | D:2      | Reached skill level 1 in Air Magic
  1815 | D:2      | Reached skill level 1 in Earth Magic
  1815 | D:2      | Reached skill level 1 in Poison Magic
  1815 | D:2      | Reached skill level 1 in Shapeshifting
  2449 | D:3      | Reached XP level 5. HP: 40/40 MP: 6/6
  2627 | D:3      | Noticed Grinder
  2627 | D:3      | Paralysed by Grinder for 4 turns
  2641 | D:3      | Killed Grinder
  2642 | D:3      | Reached skill level 5 in Armour
  2642 | D:3      | Reached XP level 6. HP: 42/47 MP: 7/9
  2876 | D:4      | Noticed Robin
  2899 | D:4      | Killed Robin
  3091 | D:4      | Found a staircase to the Ecumenical Temple.
  3118 | Temple   | Entered the Ecumenical Temple
  3131 | Temple   | Became a worshipper of Hepliaklqana the Forgotten
  3380 | D:4      | Reached XP level 7. HP: 4/52 MP: 10/10
  3652 | D:4      | Found a stormy altar of Qazlal.
  3816 | D:4      | Reached skill level 7 in Evocations
  3826 | D:5      | Entered Level 5 of the Dungeon
  3970 | D:5      | Reached * piety under Hepliaklqana
  4594 | D:5      | Identified the +0 cloak of Restlessness {Harm rElec Str-3
                  | Int+3}
  4653 | D:5      | Reached XP level 8. HP: 60/60 MP: 12/12
  5036 | D:6      | Got Sif Muna's Catalogue of Spellbinding Malevolent Acts
  6614 | D:7      | Reached XP level 9. HP: 47/59 MP: 14/14
  7033 | D:7      | Reached ** piety under Hepliaklqana
  7034 | D:7      | Remembered your ancestor Sinnashi as a battlemage
  7207 | D:7      | Reached skill level 5 in Fighting
  7207 | D:7      | Reached skill level 5 in Dodging
  7244 | D:7      | Noticed Joseph
  7256 | D:7      | Killed Joseph
  7257 | D:7      | Reached skill level 5 in Stealth
  7257 | D:7      | Reached skill level 8 in Evocations
  7521 | D:7      | Reached skill level 5 in Invocations
  7565 | D:8      | Found a blossoming altar of Fedhas.
  7576 | D:8      | Found an opulent altar of Gozag.
  7587 | D:8      | Found a sand-covered staircase.
  7594 | Ossuary  | Entered an ossuary
  7898 | D:8      | Reached XP level 10. HP: 65/67 MP: 17/17
  7923 | D:8      | Noticed Maggie
  7935 | D:8      | Reached skill level 5 in Short Blades
  7935 | D:8      | Reached skill level 5 in Long Blades
  7935 | D:8      | Reached skill level 5 in Axes
  7935 | D:8      | Reached skill level 5 in Maces & Flails
  7935 | D:8      | Reached skill level 5 in Polearms
  7935 | D:8      | Reached skill level 5 in Staves
  7935 | D:8      | Reached skill level 5 in Ranged Weapons
  7935 | D:8      | Reached skill level 5 in Throwing
  7935 | D:8      | Reached skill level 5 in Shields
  7935 | D:8      | Reached skill level 5 in Unarmed Combat
  7935 | D:8      | Reached skill level 5 in Spellcasting
  7938 | D:8      | Noticed Prince Ribbit
  7941 | D:8      | Killed Maggie
  7954 | D:8      | Killed Prince Ribbit
  8155 | D:8      | Found a hide-covered altar of Uskayaw.
  8158 | D:8      | Found a sacrificial altar of Ru.
  8246 | D:8      | Found a basalt altar of Yredelemnul.
  8455 | D:8      | Reached skill level 5 in Shapeshifting
  8597 | D:9      | Noticed a two-headed ogre
  8608 | D:9      | Killed a two-headed ogre
  8674 | D:9      | Noticed a two-headed ogre
  8678 | D:9      | Killed a two-headed ogre
  8858 | D:9      | Reached XP level 11. HP: 45/74 MP: 19/19
  8985 | D:9      | Noticed a two-headed ogre
  9022 | D:9      | Reached skill level 9 in Evocations
  9029 | D:9      | Killed a two-headed ogre
  9030 | D:9      | Reached skill level 5 in Conjurations
  9030 | D:9      | Reached skill level 5 in Hexes
  9030 | D:9      | Reached skill level 5 in Summonings
  9030 | D:9      | Reached skill level 5 in Necromancy
  9030 | D:9      | Reached skill level 5 in Translocations
  9030 | D:9      | Reached skill level 5 in Transmutations
  9030 | D:9      | Reached skill level 5 in Fire Magic
  9030 | D:9      | Reached skill level 5 in Ice Magic
  9030 | D:9      | Reached skill level 5 in Air Magic
  9030 | D:9      | Reached skill level 5 in Earth Magic
  9030 | D:9      | Reached skill level 5 in Poison Magic
  9133 | D:9      | Found an iron altar of Okawaru.
  9483 | D:10     | Entered Level 10 of the Dungeon
  9781 | D:10     | Found a staircase to the Lair.
  9796 | D:11     | Killed from afar by an orc priest

Illustrated notes

Levels and vault maps discovered:
D:1:      minmay_arrival_arboretum_small, layout_basic,
          chequers_ecumenical_altar_simple_redux
D:2:      layout_basic, uniq_crazy_yiuf_cottage, uniq_terence
D:3:      layout_loops_ring, uniq_grinder
D:4:      layout_basic, nicolae_qazlal_eye_of_the_storm,
          minmay_temple_entry_glassed_door, uniq_robin
D:5:      layout_loops_ring, serial_park_tiny_1, kennysheep_boxes
D:6:      layout_basic
D:7:      layout_rooms, uniq_joseph
D:8:      layout_rooms, grunt_temple_overflow_diamond,
          grunt_temple_overflow_open, enter_ossuary_1, grunt_ministairs_3,
          uniq_prince_ribbit1, uniq_maggie
D:9:      layout_loops_ring, okawaru_humans
D:10:     layout_loops_ring, david_lair_generic, orc_david_3, minivault_7
D:11:     layout_loops_cross, serial_shops, kennysheep_mini_moat,
          nicolae_shop_peninsula, nicolae_shop_tiny_real_fake_doors, shop,
          enter_trove_6
Temple:   eino_wide_crystal_templ

Skill      XL: |  1  2  3  4  5  6  7  8  9 10 11 |
---------------+----------------------------------+-----
Invocations    | 1 2 3 4 5 6 7 |  7.0
Short Blades   | 1 2 3 4 5 6 |  6.3
Long Blades    | 1 2 3 4 5 6 |  6.3
Axes           | 1 2 3 4 5 6 |  6.3
Maces & Flails | 1 2 3 4 5 6 |  6.3
Polearms       | 1 2 3 4 5 6 |  6.3
Staves         | 1 2 3 4 5 6 |  6.3
Ranged Weapons | 1 2 3 4 5 6 |  6.3
Throwing       | 1 2 3 4 5 6 |  6.3
Shields        | 1 2 3 4 5 6 |  6.3
Unarmed Combat | 1 2 3 4 5 6 |  6.3
Spellcasting   | 1 2 3 4 5 6 |  6.3
Conjurations   | 1 2 3 4 5 |  5.3
Hexes          | 1 2 3 4 5 |  5.3
Summonings     | 1 2 3 4 5 |  5.3
Necromancy     | 1 2 3 4 5 |  5.3
Translocations | 1 2 3 4 5 |  5.3
Transmutations | 1 2 3 4 5 |  5.3
Fire Magic     | 1 2 3 4 5 |  5.3
Ice Magic      | 1 2 3 4 5 |  5.3
Air Magic      | 1 2 3 4 5 |  5.3
Earth Magic    | 1 2 3 4 5 |  5.3
Poison Magic   | 1 2 3 4 5 |  5.3
Shapeshifting  | 1 2 3 4 5 |  5.8
Fighting       | 3 4 5 6 |  6.9
Armour         | 5 6 7 |  7.9
Dodging        | 3 4 5 6 |  6.9
Stealth        | 3 4 5 6 |  6.8
Evocations     | 7 8 9 |  9.2

Action                     |  1- 3 |  4- 6 |  7- 9 | 10-12 || total
---------------------------+-------+-------+-------+-------++-------
  Melee: Club              |   129 |       |       |       ||   129
         Bite              |    11 |    22 |    51 |    27 ||   111
         Punch             |     2 |     4 |       |       ||     6
         Dagger            |    25 |   181 |   428 |    93 ||   727
         War axe           |       |       |       |    89 ||    89
 Invoke: Recall Ancestor   |       |       |     3 |     1 ||     4
         Ancestor Life: Ba |       |       |     1 |       ||     1
  Evoke: Wand              |     1 |       |    19 |     7 ||    27
    Use: Potion            |       |       |     1 |       ||     1
         Scroll            |       |       |     5 |     6 ||    11
   Stab: Sleeping          |     2 |     1 |       |       ||     3
         Distracted        |       |       |     4 |     2 ||     6
         Paralysed         |       |       |       |     3 ||     3
 Armour: Leather armour    |    49 |     2 |       |       ||    51
         Chain mail        |       |    79 |   205 |    72 ||   356
  Dodge: Dodged            |   135 |    55 |   182 |   116 ||   488
  Block: Buckler           |       |       |    53 |    45 ||    98

Table legend: (Time is in decaauts)
 A = Elapsed time spent in this place.
 B = Non-inter-level travel time spent in this place.
 C = Inter-level travel time spent in this place.
 D = Time resting spent in this place.
 E = Time spent auto-exploring this place.
 F = Levels seen in this place.
 G = Mean time per level.
                   A        B        C        D        E       F      G
               +--------+--------+--------+--------+--------+-----+--------+
         Total |   9776 |   9430 |    346 |    783 |   6671 |  13 |  752.0 |
       Dungeon |   9472 |   9139 |    333 |    783 |   6484 |  11 |  861.1 |
        Temple |     26 |     13 |     13 |      0 |      0 |   1 |   26.0 |
       Ossuary |    276 |    276 |      0 |      0 |    187 |   1 |  276.0 |
               +--------+--------+--------+--------+--------+-----+--------+

Top non-repeatable levels by time:
     D:6: 1544 daAuts
     D:4: 1362 daAuts
     D:1: 1204 daAuts
     D:2: 973 daAuts
     D:7: 941 daAuts
     D:9: 903 daAuts
     D:5: 779 daAuts
     D:8: 730 daAuts
     D:3: 713 daAuts
    D:10: 316 daAuts
 Ossuary: 276 daAuts
  Temple: 26 daAuts
    D:11: 3 daAuts
